 Dungeon Crawl Stone Soup version 0.21.0-37-g46506fa (webtiles) character file.

55 doot the Skirmisher (level 3, -3/33 HPs)
             Began as a Draconian Chaos Knight on Jan 31, 2018.
             Slain by a gnoll (4 damage)
             ... on level 2 of the Dungeon.
             The game lasted 00:01:09 (567 turns).

doot the Skirmisher (Draconian Chaos Knight)         Turns: 567, Time: 00:01:09

Health: -3/33      AC:  5    Str: 13 (14) XL:     3   Next: 67%
Magic:  3/3        EV:  6    Int: 10 (12) God:    Xom [..*...]
Gold:   81         SH:  0    Dex:  9 (11) Spells: 2/2 levels left

rFire    . . .     SeeInvis .   a - +0 spear (chaos)
rCold    . . .     Gourm    .   (no shield)
rNeg     . . .     Faith    .   (armour unavailable)
rPois    .         Spirit   .   (helmet restricted)
rElec    .         Reflect  .   (no cloak)
rCorr    .         Harm     .   (no gloves)
MR       .....                  (no boots)
Stlth    +.........             (no amulet)
HPRegen  0.11/turn              (no ring)
MPRegen  0.08/turn              (no ring)

@: very slightly contaminated, held, invisible
A: unfitting armour, cold-blooded, AC +5
a: Renounce Religion


You were on level 2 of the Dungeon.
You worshipped Xom.
You were a toy of Xom.
You were not hungry.

You visited 1 branch of the dungeon, and saw 2 of its levels.

You collected 81 gold pieces.

Inventory:

Hand Weapons
 a - a +0 spear of chaos (weapon)
Scrolls
 c - 4 scrolls of identify {unknown}
 d - a scroll of enchant armour {unknown}
 f - a scroll of magic mapping {unknown}
 g - a scroll of amnesia {unknown}
Potions
 h - a potion of curing {unknown}
 i - a potion of invisibility
Comestibles
 b - 2 rations


   Skills:
 + Level 4.0 Fighting
 + Level 3.8 Polearms
 + Level 2.4 Dodging
 + Level 0.3 Stealth


You had 2 spell levels left.
You didn't know any spells.

Dungeon Overview and Level Annotations

Branches:
Dungeon (2/15)

Altars:


Innate Abilities, Weirdness & Mutations

Your plain brown scales are hard. (AC +5)
You cannot fit into any form of body armour.
You are cold-blooded and may be slowed by cold attacks.


Message History

* * * LOW HITPOINT WARNING * * *
You hit the gnoll.
The gnoll is almost dead.
The gnoll hits you.
* * * LOW HITPOINT WARNING * * *
The gnoll throws a throwing net.
The throwing net hits you.
You become entangled in the net!
You see here a throwing net.
You struggle against the net.
The gnoll closely misses you.
It was a potion of invisibility.
You fade into invisibility!
Xom thinks this is hilarious!
The gnoll hits you.
* * * LOW HITPOINT WARNING * * *
You are very lightly contaminated with residual magic.
It was a potion of degeneration.
There was something very wrong with that liquid.
You feel weakened.
You feel dopey.
You feel clumsy. The gnoll hits you.
You die...

#####.###.###.####
..........#
####.###..# ....
#......##.# (...
###(......# .....
##.##...## ...
.#######..#....#
..................#
#g#######@###.##..#
#.†.# ##gg# .# #...
#.###..## # ##.
#g##..## #.#..##
##.#.#####
#....(...###..
#.............
#........##...


You could see 2 gnolls.

Vanquished Creatures
  A gnoll (D:2)
  An adder (D:2)
  A leopard gecko (D:2)
  A bat (D:1)
  A giant cockroach (D:1)
  2 goblins (D:1)
  6 hobgoblins
  7 jackals
  A quokka (D:2)
  A ball python (D:1)
  A frilled lizard (D:1)
  3 kobolds (D:1)
  A rat (D:1)
27 creatures vanquished.

Vanquished Creatures (collateral kills)
  A jackal (D:1)
1 creature vanquished.

Vanquished Creatures (others)
  A hobgoblin (D:1)
1 creature vanquished.

Grand Total: 29 creatures vanquished

Notes
Turn   | Place    | Note
-------+----------+-------------------------------------------
     0 | D:1      | doot the Draconian Chaos Knight began the quest for the Orb.
     0 | D:1      | Reached XP level 1. HP: 19/19 MP: 1/1
   131 | D:1      | Reached XP level 2. HP: 25/26 MP: 2/2
   497 | D:2      | Reached XP level 3. HP: 29/33 MP: 3/3
   528 | D:2      | XOM: harmless Hex miscast
   543 | D:2      | Reached skill level 4 in Fighting
   557 | D:2      | HP: 1/33 [gnoll (3)]
   566 | D:2      | HP: 1/33 [gnoll (1)]
   567 | D:2      | Slain by a gnoll

Skill      XL: |  1  2  3 |
---------------+----------+-----
Fighting       | 4 |  4.0
Polearms       | |  3.8
Dodging        | |  2.4
Stealth        | |  0.3

Action                   || total
-------------------------++-------
Melee: Spear             ||    94
       Tailslap          ||     5
  Use: Potion            ||     2
 Stab: Sleeping          ||     3
Armor: Skin              ||    12
Dodge: Dodged            ||    61
